 Dungeon Crawl Stone Soup version 0.28.0-45-g0d030f2227 (webtiles) character file.

Game seed: 7816411634145368889

600 pkoi the Gusty (level 6, 0/45 HPs)
             Began as a Demigod Air Elementalist on Apr 11, 2022.
             Slain by a centaur zombie (2 damage)
             ... in an ossuary.
             The game lasted 00:04:51 (5753 turns).

pkoi the Gusty (Demigod Air Elementalist)           Turns: 5753, Time: 00:04:52

Health: 0/45       AC:  3    Str:  9    XL:     6   Next: 96%
Magic:  6/12       EV: 12    Int: 25    God:
Gold:   129        SH:  0    Dex: 14    Spells: 0/10 levels left

rFire   . . .      SeeInvis .   s - +3 long sword (vorpal)
rCold   . . .      Faith    .   (no shield)
rNeg    . . .      Spirit   .   a - +0 robe
rPois   .          Reflect  .   (no helmet)
rElec   .          Harm     .   (no cloak)
rCorr   .          Rampage  .   (no gloves)
Will    .....                   k - +0 pair of boots
Stlth   ++........              (no amulet)
HPRegen 0.15/turn               (no ring)
MPRegen 0.13/turn               (no ring)

@: marked
A: high MP 1, forlorn, divine attributes
a: no special abilities


You were in an ossuary.
You visited 1 branch of the dungeon, and saw 5 of its levels.
You also visited: Ossuary.

You collected 129 gold pieces.

Inventory:

Hand Weapons
 e - a +0 whip
 i - a +0 dagger
 s - a +3 vorpal long sword (weapon)
Armour
 a - a +0 robe (worn)
 k - a +0 pair of boots (worn)
Jewellery
 m - an amulet of the acrobat
Scrolls
 b - a scroll of teleportation
 d - a scroll of fog
 l - a scroll of fear {unknown}
 n - 2 scrolls of identify
 r - a scroll of vulnerability {unknown}
Potions
 c - 2 potions of heal wounds {unknown}
 f - a potion of resistance {unknown}
 g - a potion of curing
 h - a potion of attraction {unknown}
 j - 2 potions of lignification {unknown}
 o - 2 potions of ambrosia {unknown}
 p - a potion of brilliance {unknown}
 q - a potion of degeneration {unknown}


   Skills:
 + Level 2.0 Short Blades
 - Level 1.7 Dodging
 - Level 1.7 Stealth
 - Level 2.6 Spellcasting
 - Level 3.0 Conjurations
 * Level 6.1 Air Magic


You couldn't memorise any spells.
You knew the following spells:

 Your Spells              Type           Power      Damage    Failure   Level
a - Shock                 Conj/Air       100%       1d9       1%          1
b - Static Discharge      Conj/Air       26%        N/A       2%          2
c - Swiftness             Air            34%        N/A       2%          3
d - Airstrike             Air            17%        N/A       9%          4

Your spell library contained the following spells:

 Spells                   Type           Power      Damage    Failure   Level
 Frozen Ramparts          Ice            6%         1d2       32%         3
 Silence                  Hex/Air        9%         N/A       63%         5
 Ice Form                 Ice/Tmut       3%         N/A       71%         4
 Passage of Golubria      Tloc           3%         N/A       71%         4
 Summon Ice Beast         Ice/Summ       3%         N/A       71%         4
 Lehudib's Crystal Spear  Conj/Erth      5%         10d3      100%        8


Dungeon Overview and Level Annotations

Branches:
Dungeon (5/15)             Temple (0/1) D:4         Ossuary (1/1)

Shops:
D:3 (


Innate Abilities, Weirdness & Mutations

You have an increased reservoir of magic. (+10% MP)
You shall have no god before yourself.
Your divine heritage dramatically boosts your attributes as you level up.


Message History

The centaur zombie hits you but does no damage.
The centaur zombie kicks you.
* * * LOW HITPOINT WARNING * * *
Casting: Shock (safe; 1% risk of failure)
Confirm with . or Enter, or press ? or * to list all spells.
The centaur zombie is struck by an arc of lightning.
The centaur zombie is lightly damaged.
The hobgoblin zombie is struck by an arc of lightning.
The hobgoblin zombie is moderately damaged.
The lightning grounds out.
The centaur zombie is struck by an arc of lightning!
The centaur zombie is moderately damaged.
The mummy is struck by an arc of lightning!
The mummy is heavily damaged.
The lightning grounds out.
The centaur zombie hits you.
* * * LOW HITPOINT WARNING * * *
The centaur zombie kicks you but does no damage.
The centaur zombie hits you.
* * * LOW HITPOINT WARNING * * *
The centaur zombie closely misses you. The hobgoblin zombie hits you.
* * * LOW HITPOINT WARNING * * *
The centaur zombie barely misses you.
The centaur zombie kicks you but does no damage.
Unknown command.
Casting: Static Discharge (safe; 2% risk of failure)
Confirm with . or Enter, or press ? or * to list all spells.
The hobgoblin zombie is struck by an arc of lightning!
You destroy the hobgoblin zombie!
You are struck by an arc of lightning.
* * * LOW HITPOINT WARNING * * *
The lightning grounds out.
The centaur zombie misses you. The centaur zombie kicks you.
* * * LOW HITPOINT WARNING * * *
The centaur zombie hits you.
* * * LOW HITPOINT WARNING * * *
The centaur zombie kicks you but does no damage.
The centaur zombie closely misses you. The centaur zombie barely misses you.
A hobgoblin zombie comes into view.
The centaur zombie hits you.
You die...

## #
###########.#.#.#.
##......MMZ@Z......
#........MZ........
#.....∩.∩.....^^...
#...........^......
##...........^....Z
###########.#.#.#.
######


You could see 3 mummies, a hobgoblin zombie and 3 centaur zombies.

Vanquished Creatures
  3 ogres
  A necrophage (D:3)
  A hound (D:3)
  An orc priest (D:4)
  An iguana (D:4)
  An orc wizard (D:3)
  A mummy (D:5)
  A gnoll (D:2)
  6 adders
  An ufetubus (D:4)
  An adder skeleton (D:4)
  A worm (D:2)
  3 dart slugs
  4 orcs
  5 bats
  9 endoplasms
  2 giant cockroaches
  4 hobgoblins
  2 jackals (D:2)
  2 kobolds
  3 quokkas
  A ball python (D:2)
  2 frilled lizards
  5 goblins
  A hobgoblin zombie (Ossuary)
  4 rats
66 creatures vanquished.

Notes
Turn   | Place    | Note
-------+----------+-------------------------------------------
     0 | D:1      | pkoi the Demigod Air Elementalist began the quest for the
                  | Orb.
     0 | D:1      | Reached XP level 1. HP: 14/14 MP: 5/5
   184 | D:1      | Reached skill level 1 in Conjurations
   184 | D:1      | Reached skill level 3 in Air Magic
   562 | D:1      | Reached XP level 2. HP: 20/20 MP: 2/7
  1075 | D:2      | HP: 1/20 [gnoll/+0 spear (9)]
  1488 | D:2      | Reached XP level 3. HP: 5/26 MP: 4/8
  1846 | D:2      | Learned a level 2 spell: Static Discharge
  2443 | D:2      | Reached skill level 4 in Air Magic
  2899 | D:3      | Reached XP level 4. HP: 33/33 MP: 4/9
  2903 | D:3      | Learned a level 3 spell: Swiftness
  3200 | D:3      | Noticed a necrophage
  3200 | D:3      | Noticed an ogre
  3213 | D:3      | Killed a necrophage
  3214 | D:3      | Reached XP level 5. HP: 38/38 MP: 3/11
  3390 | D:3      | Killed an ogre
  3391 | D:3      | Reached skill level 5 in Air Magic
  3716 | D:3      | Found Idelotar's Antique Weapon Shop.
  4660 | D:3      | Reached XP level 6. HP: 31/45 MP: 6/12
  4854 | D:3      | Learned a level 4 spell: Airstrike
  5349 | D:4      | Found a staircase to the Ecumenical Temple.
  5355 | D:4      | Reached skill level 1 in Short Blades
  5708 | D:5      | Entered Level 5 of the Dungeon
  5720 | D:5      | Reached skill level 6 in Air Magic
  5729 | D:5      | Found a sand-covered staircase.
  5739 | Ossuary  | Entered an ossuary
  5753 | Ossuary  | HP: 2/45 [centaur zombie (4)]
  5753 | Ossuary  | Slain by a centaur zombie

Illustrated notes

Levels and vault maps discovered:
D:1:      ncdulo_lavacross, layout_loops_ring, serial_bayou_pond_e
D:2:      layout_basic, hangedman_decor_push, cheibrodos_gnoll_hut
D:3:      layout_loops_corners, hellmonk_ecumenical_altar_leap_of_faith,
          serial_shops, shop
D:4:      layout_rooms, minmay_temple_entry_statues_pillars, serial_glass,
          glass_columns_c, glass_columns_b, kennysheep_nub
D:5:      layout_loops_ring, lemuel_round_altar, gup_ossuary_entry_pyramid,
          uniq_ijyb
Ossuary:  ossuary_the_hunt_dpeg

Skill      XL: |  1  2  3  4  5  6 |
---------------+-------------------+-----
Conjurations   | 1 2 3 |  3.0
Air Magic      | 3 4 5 6 |  6.1
Spellcasting   | 2 |  2.6
Short Blades   | 2 |  2.0
Dodging        | |  1.7
Stealth        | |  1.7

Action                   |  1- 3 |  4- 6 || total
-------------------------+-------+-------++-------
Melee: Unarmed           |     3 |       ||     3
       Whip              |       |     2 ||     2
       Long sword        |       |     4 ||     4
 Cast: Shock             |    74 |    88 ||   162
       Static Discharge  |       |     3 ||     3
  Use: Scroll            |       |     5 ||     5
Armor: Robe              |       |    14 ||    14
Dodge: Dodged            |    13 |    44 ||    57
